Get step-by-step instructions on how to execute this build order below. Start the game timer, and the build order will tick by so you can play in parallel with StarCraft on a second screen or mobile device.

Game Time

  0:00

Last Step

  N/A

Next Step

  12  0:00  Probe  

Upcoming Step

  13  0:12  Probe  

Don't want to look back and forth between 2 screens? Try out our Overwolf App, the Spawning Tool Build Advisor to get an in-game overlay with this build!

Complete Build Order

  12  0:00  Probe  
  13  0:12  Probe  
  14  0:18  Pylon  
  14  0:24  Probe  
  15  0:32  Probe  
  15  0:38  Gateway  
  15  0:40  Probe  
  16  0:46  Assimilator  
  17  0:51  Probe  
  17  0:55  Assimilator  
  18  0:59  Probe  
  19  1:07  Probe  
  19  1:10  Gateway  
  19  1:17  Probe  
  20  1:25  Cybernetics Core  
  21  1:29  Probe  
  22  1:34  Pylon  
  22  1:42  Probe  
  23  1:54  Probe  
  24  2:01  Adept x2, Warp Gate  
  28  2:10  Pylon  
  28  2:24  Probe  
  29  2:31  Adept x2  
  33  2:48  Nexus  
  33  3:01  Stalker x2  
  37  3:10  Shield Battery  
  37  3:18  Twilight Council  
  37  3:24  Pylon  
  37  3:27  Probe  
  38  3:39  Probe  
  39  3:46  Blink  
  39  3:50  Stalker  
  39  3:51  Stalker, Probe  
  42  3:57  Probe  
  42  4:00  Probe  
  43  4:05  Probe  
  43  4:08  Probe  
  45  4:14  Probe  
  44  4:18  Probe  
  46  4:26  Probe  
  46  4:27  Stalker  
  46  4:30  Probe  
  50  4:33  Forge  
  48  4:38  Probe  
  48  4:41  Sentry  
  48  4:42  Probe  
  48  4:44  Protoss Ground Weapons Level 1  
  52  4:50  Probe  
  53  4:54  Probe  
  53  4:55  Stalker  
  54  5:01  Shield Battery  
  54  5:02  Probe  
  54  5:06  Stalker, Probe  
  58  5:10  Pylon  
  58  5:15  Pylon, Probe  
  58  5:18  Stalker, Probe  
  62  5:29  Assimilator  
  62  5:34  Assimilator, Probe x2  
  64  5:37  Gateway  
  64  5:39  Gateway  
  64  5:46  Gateway, Templar Archives  
  64  5:49  Charge  
  64  5:55  Gateway  
  64  5:59  Gateway  
  64  6:07  Pylon  
  64  6:08  Stalker  
  66  6:12  Protoss Ground Weapons Level 2  
  66  6:14  Zealot  
  66  6:16  Pylon  
  66  6:18  Gateway  
  68  6:22  Pylon  
  68  6:31  High Templar  
  70  6:34  High Templar  
  70  6:36  Zealot x2  
  74  6:41  Archon  
  74  6:44  High Templar  
  76  6:50  Pylon  
  76  6:53  High Templar  
  78  6:54  Zealot  
  78  6:57  Pylon  
  78  6:58  Archon  
  78  6:59  Zealot x2  
  84  7:06  Zealot  
  84  7:07  Zealot  
  88  7:20  Zealot x5  
  98  7:36  High Templar  
  100  7:37  High Templar  
  100  7:39  Probe  
  100  7:40  Probe  
  100  7:43  Nexus  
  104  7:55  High Templar x2  
  104  7:56  Pylon, Archon, Zealot x2  
  112  7:59  Archon  
  112  8:03  Zealot x2  
  116  8:12  Zealot  
  118  8:19  Zealot x3  
  122  8:25  Shield Battery  
  122  8:32  Stalker x2  
  126  8:37  Pylon x3  
  125  8:46  Zealot  
  109  8:50  Zealot x3  
  109  8:54  Zealot x2  
  102  9:00  Zealot x2  
  84  9:07  Protoss Ground Weapons Level 3  
  80  9:14  Nexus  
  80  9:22  Robotics Facility  
  80  9:25  High Templar x3  
  80  9:26  High Templar  
  80  9:29  Zealot x2  
  80  9:30  Archon x2  
  92  9:38  Stalker x2  
  92  9:45  Probe  
  98  9:51  Probe  
  98  9:58  Pylon  
  98  9:59  Probe  
  99  10:03  Probe  
  100  10:07  High Templar  
  100  10:08  High Templar  
  100  10:12  Archon  
  104  10:19  Probe  
  104  10:20  Shield Battery  
  104  10:21  Probe  
  105  10:23  Probe  
  107  10:29  Probe  
  107  10:31  Probe x2  
  107  10:33  Assimilator  
  110  10:36  Robotics Bay  
  110  10:37  Assimilator, Observer, Probe  
  110  10:42  Probe  
  112  10:43  Probe  
  115  10:50  Probe  
  115  10:54  Probe  
  115  10:55  Shield Battery, Probe  
  117  10:59  Pylon  
  117  11:03  High Templar x2, Zealot x2  
  117  11:04  Zealot x3  
  131  11:07  Archon  
  131  11:09  Pylon  
  132  11:15  Disruptor  
  134  11:33  Stalker x5  
  134  11:34  Shield Battery  
  134  11:35  Pylon  
  144  11:50  Disruptor, Pylon  
  147  11:57  Zealot x7  
  157  12:20  Disruptor  
  154  12:22  Stalker  
  154  12:23  Stalker x6  
  149  12:42  Pylon  
  143  12:45  Stalker  
  143  12:46  Warp Prism, Stalker x4  
  143  12:48  Stalker  
  157  12:59  Photon Cannon  
  157  13:09  Stalker  
  157  13:10  Stalker x3  
  157  13:12  Stalker  
  167  13:22  Observer  
  145  13:44  High Templar x6, Zealot  
  145  13:48  Archon x2  
  159  13:49  Archon  
  159  13:52  Gateway  
  159  13:58  Probe  
  159  14:00  Pylon, Nexus, Observer  
  160  14:09  Disruptor  
  160  14:17  Stalker x2  
  160  14:18  Zealot x5  
  177  14:30  Colossus  
  177  14:37  Probe  
  178  14:45  Observer  
  180  14:54  Probe  
  180  14:55  Probe x2  
  180  14:58  Photon Cannon  
  183  15:00  Shield Battery  
  183  15:01  Photon Cannon  
  183  15:02  Robotics Facility  
  183  15:06  Probe  
  184  15:11  Colossus  
  184  15:15  Observer  
  188  15:48  Zealot x6  
  188  15:49  Shield Battery  
  200  15:52  Pylon  
  200  15:53  Photon Cannon  
  194  16:04  Observer  
  194  16:08  Zealot x5  
  177  16:21  Zealot x3  
  160  16:30  Zealot x5